 Dungeon Crawl Stone Soup version 0.31-a0-232-gb1c03b2570 (webtiles) character file.

Game seed: 9894989520018826346

498 qw the Shooter (level 6, 0/52 HPs)
             Began as a Minotaur Hexslinger on July 6, 2023.
             Was an Initiate of Okawaru.
             Slain by a centaur (5 damage)
             ... on level 5 of the Dungeon.
             The game lasted 00:01:18 (4275 turns).

qw the Shooter (Minotaur Hexslinger)                Turns: 4275, Time: 00:01:19

Health: 0/52       AC:  5    Str: 13    XL:     6   Next: 94%
Magic:  6/6        EV: 11    Int: 10    God:    Okawaru [......]
Gold:   221        SH:  0    Dex: 14    Spells: 6/7 levels left

rFire   . . .        Y - +2 sling
rCold   . . .        (no shield)
rNeg    . . .        c - +0 ring mail
rPois   .            (helmet restricted)
rElec   .            (no cloak)
rCorr   .            (no gloves)
SInv    .            (no boots)
Will    .....        (no amulet)
Stlth   +            (no ring)
HPRegen 0.28/turn    (no ring)
MPRegen 0.10/turn

%: no passive effects
@: no status effects
A: horns 2, retaliatory headbutt
a: Renounce Religion


You were on level 5 of the Dungeon.
You worshipped Okawaru.
Okawaru was noncommittal.
You visited 1 branch of the dungeon, and saw 5 of its levels.

You collected 221 gold pieces.


Innate Abilities, Weirdness & Mutations

You have a pair of horns on your head.
You reflexively headbutt those who attack you in melee.


   Skills:
 - Level 4.3 Fighting
 + Level 7.2 Ranged Weapons
 - Level 1.0 Armour
 - Level 2.1 Dodging
 - Level 1.0 Spellcasting
 - Level 2.0 Hexes


You had 6 spell levels left.
You knew the following spells:

 Your Spells              Type           Power      Damage    Failure   Level
a - Slow                  Hex            16%        N/A       32%         1

Your spell library contained the following spells:

 Spells                   Type           Power      Damage    Failure   Level
 Inner Flame              Hex/Fire       2%         N/A       82%         3
 Portal Projectile        Hex/Tloc       4%         N/A       82%         3
 Cause Fear               Hex            2%         N/A       97%         4

Inventory:

Hand Weapons
 Y - a +2 sling (weapon)
Armour
 c - a +0 ring mail (worn)
Jewellery
 e - a ring of fire
Scrolls
 a - 2 scrolls of identify
Potions
 b - a potion of mutation {unknown}
 f - a potion of curing
 k - a potion of haste

Dungeon Overview and Level Annotations

Branches:
Dungeon (5/15)             Temple (0/1) D:4

Altars:
Gozag
Hepliaklqana
Nemelex Xobeh
Okawaru
Uskayaw
Wu Jian
Yredelemnul

Shops:
D:1 =![*


Message History

The centaur is lightly wounded.
The centaur hits you but does no damage.
The centaur kicks you. The adder bites you but does no damage.
The white imp closely misses you.
The centaur hits you but does no damage.
The centaur kicks you but does no damage.
The adder bites you but does no damage.
You shoot a sling bullet. The sling bullet hits the centaur.
The centaur is lightly wounded.
The centaur hits you.
The centaur kicks you but does no damage.
The white imp hits you. The white imp freezes you. The adder barely misses you.
The centaur hits you. The centaur completely misses you.
The white imp shouts, "Slither hence, thou bumbling doghearted brisket!"
The white imp hits you but does no damage.
The orc hits you but does no damage.
You shoot a sling bullet.
The sling bullet barely misses the centaur.
The adder bites you but does no damage. The centaur hits you.
The centaur kicks you but does no damage.
The adder bites you but does no damage. The white imp gestures at you.
The puff of frost hits you. The orc closely misses you.
You furiously retaliate!
You headbutt the orc. You shoot a sling bullet. The sling bullet hits the orc.
You kill the orc!
Okawaru accepts your kill. The centaur barely misses you.
The centaur kicks you but does no damage.
The adder barely misses you. The centaur misses you. The centaur kicks you.
The white imp gestures at you. The puff of frost hits you!
You shoot a sling bullet. The sling bullet hits the centaur.
The centaur is lightly wounded.
The centaur hits you. The centaur misses you.
The adder bites you but does no damage. The white imp gestures at you.
The puff of frost misses you. The adder closely misses you.
You furiously retaliate!
You headbutt the adder. The centaur hits you.
You die...

......#..<##.####
.#).#.....#...# ..?
..>.......#...# ..?
##..#..#..#8_8# ....
..........##### ...#
##..#.##.###..#####...##
##.#.##..........).....
#.#.#########)Sc...###
###..........[..@5o.....
......############....#.
......# ..... ......#
..## ......# ... ###'#.#
.# #.#.# # ###+#'##
.......#


You could see a centaur, an adder, a white imp and an orc.

Vanquished Creatures
  An ogre (D:3)
  A scorpion (D:5)
  A jelly (D:3)
  2 orc priests (D:3)
  2 iguanas
  Natasha (thrice) (D:2)
  3 gnolls
  3 adders
  A dart slug (D:1)
  11 orcs
  5 ball pythons
  4 bats
  10 endoplasms
  2 giant cockroaches (D:1)
  7 hobgoblins
  2 jackals (D:2)
  4 kobolds
  4 quokkas
  2 frilled lizards
  4 goblins
  10 rats
82 creatures vanquished.

Notes
Turn   | Place    | Note
-------+----------+-------------------------------------------
     0 | D:1      | qw the Minotaur Hexslinger began the quest for the Orb.
     0 | D:1      | Reached XP level 1. HP: 16/16 MP: 1/1
     0 | D:1      | 0 ||| qw: Version: 0.3-a-46-gb1f654a
     0 | D:1      | 0 ||| qw: Game counter: 2005
     0 | D:1      | 0 ||| qw: Melee chars always use a shield: true
     0 | D:1      | 0 ||| qw: God list: Okawaru
     0 | D:1      | 0 ||| qw: Allow faded altars: false
     0 | D:1      | 0 ||| qw: Do Orc after clearing Dungeon:15 true
     0 | D:1      | 0 ||| qw: Do second Lair branch before Depths: true
     0 | D:1      | 0 ||| qw: Lair rune preference: random
     0 | D:1      | 0 ||| qw: Goals: Normal
     0 | D:1      | 0 ||| PLANNING D:1-11
    58 | D:1      | Reached skill level 3 in Ranged Weapons
    90 | D:1      | Reached XP level 2. HP: 23/23 MP: 2/2
   107 | D:1      | Found Docak's Distillery.
   116 | D:1      | Found Jetomexi's Jewellery Shop.
   117 | D:1      | 117 ||| SHOPLISTING potion of curing (33 gold, have 17).
   117 | D:1      | 117 ||| SHOPLISTING potion of enlightenment (55 gold, have
                  | 17).
   117 | D:1      | 117 ||| SHOPLISTING potion of heal wounds (55 gold, have
                  | 17).
   117 | D:1      | 117 ||| SHOPLISTING potion of might (44 gold, have 17).
   125 | D:1      | 125 ||| SHOPLISTING +6 ring of dexterity (432 gold, have
                  | 17).
   125 | D:1      | 125 ||| SHOPLISTING amulet of faith (480 gold, have 17).
   125 | D:1      | 125 ||| SHOPLISTING amulet of reflection (360 gold, have
                  | 17).
   125 | D:1      | 125 ||| SHOPLISTING ring "Aschaschel" {rC+ Will+ EV+5 Str+2
                  | Dex+4} (818 gold, have 17).
   125 | D:1      | 125 ||| SHOPLISTING ring of protection from cold (300 gold,
                  | have 17).
   125 | D:1      | 125 ||| SHOPLISTING ring of protection from fire (300 gold,
                  | have 17).
   125 | D:1      | 125 ||| SHOPLISTING ring of see invisible (180 gold, have
                  | 17).
   357 | D:1      | Found a faded altar of an unknown god.
   457 | D:1      | Reached XP level 3. HP: 28/29 MP: 3/3
   590 | D:1      | Found Bateump's Antique Armour Boutique.
   595 | D:1      | 595 ||| SHOPLISTING leather armour (48 gold, have 17).
   595 | D:1      | 595 ||| SHOPLISTING ring mail (96 gold, have 17).
   675 | D:1      | Found Urphaodyv's Assorted Antiques.
   689 | D:1      | 689 ||| SHOPLISTING fizzy brown potion (26 gold, have 17).
   689 | D:1      | 689 ||| SHOPLISTING glowing robe (107 gold, have 17).
   689 | D:1      | 689 ||| SHOPLISTING leather armour (58 gold, have 17).
   689 | D:1      | 689 ||| SHOPLISTING runed glass ring (145 gold, have 17).
   689 | D:1      | 689 ||| SHOPLISTING scroll labelled IFORCH NEOTS (29 gold,
                  | have 17).
   689 | D:1      | 689 ||| SHOPLISTING scroll labelled VAN SOGUKLI (29 gold,
                  | have 17).
   689 | D:1      | 689 ||| SHOPLISTING sedimented blue potion (26 gold, have
                  | 17).
   797 | D:1      | 797 ||| READING scroll labelled IFORCH NEOTS.
   798 | D:1      | 798 ||| READING scroll labelled VAN SOGUKLI.
   799 | D:1      | 799 ||| DROPPING scroll of poison.
   915 | D:2      | Reached skill level 4 in Ranged Weapons
   974 | D:2      | Noticed Natasha
   976 | D:2      | 976 ||| FLEEEEING.
   977 | D:2      | 977 ||| FLEEEEING.
   978 | D:2      | 978 ||| FLEEEEING.
   986 | D:2      | Killed Natasha
   987 | D:2      | Reached XP level 4. HP: 35/36 MP: 4/4
  1402 | D:2      | Noticed Natasha
  1404 | D:2      | Killed Natasha
  1405 | D:2      | Reached skill level 5 in Ranged Weapons
  1582 | D:2      | Noticed Natasha
  1596 | D:2      | Killed Natasha
  1597 | D:2      | Reached XP level 5. HP: 20/44 MP: 5/5
  1924 | D:2      | 1924 ||| READING scroll labelled ACOH KEBITY.
  1925 | D:2      | 1925 ||| READING scroll labelled LAROBI ERUPN.
  1926 | D:2      | 1926 ||| READING scroll labelled ZATUDE QOETRAT.
  1927 | D:2      | 1927 ||| READING scroll labelled SAXISOCVID.
  1928 | D:2      | 1928 ||| DRINKING 2 sedimented pink potions.
  1929 | D:2      | 1929 ||| DRINKING 2 fizzy brown potions.
  1930 | D:2      | 1930 ||| DRINKING potion of curing.
  1930 | D:2      | 1930 ||| (to cure confusion)
  1931 | D:2      | 1931 ||| READING 4 scrolls of identify.
  1931 | D:2      | 1931 ||| IDENTIFYING metallic puce potion
  1932 | D:2      | 1932 ||| READING 3 scrolls of identify.
  1932 | D:2      | 1932 ||| IDENTIFYING fizzy puce potion
  1933 | D:2      | 1933 ||| READING 2 scrolls of identify.
  1933 | D:2      | 1933 ||| IDENTIFYING sedimented blue potion
  1934 | D:2      | 1934 ||| DROPPING potion of lignification.
  1935 | D:2      | 1935 ||| DROPPING potion of ambrosia.
  1936 | D:2      | 1936 ||| DROPPING potion of attraction.
  2030 | D:3      | Reached skill level 3 in Fighting
  2222 | D:3      | Noticed an ogre
  2229 | D:3      | Killed an ogre
  2230 | D:3      | Reached skill level 6 in Ranged Weapons
  2561 | D:3      | Reached XP level 6. HP: 36/51 MP: 6/6
  3123 | D:3      | 3123 ||| UPGRADING to +0 leather armour.
  3133 | D:3      | 3133 ||| DROPPING +0 robe.
  3134 | D:3      | 3134 ||| READING scroll labelled ACLOCO PUFRUKA.
  3135 | D:3      | 3135 ||| DRINKING 2 dark potions.
  3263 | D:4      | Found an ornate altar of the Wu Jian Council.
  3343 | D:4      | HP: 13/52 [gnoll/+0 spear (6)]
  3344 | D:4      | 3344 ||| DRINKING potion of heal wounds.
  3349 | D:4      | HP: 12/52 [gnoll/+0 spear (5)]
  3351 | D:4      | 3351 ||| FLEEEEING.
  3352 | D:4      | 3352 ||| FLEEEEING.
  3353 | D:4      | 3353 ||| FLEEEEING.
  3354 | D:4      | 3354 ||| FLEEEEING.
  3355 | D:4      | 3355 ||| FLEEEEING.
  3356 | D:4      | 3356 ||| FLEEEEING.
  3357 | D:4      | 3357 ||| FLEEEEING.
  3358 | D:4      | 3358 ||| STAIRDANCE
  3503 | D:3      | 3503 ||| UPGRADING to +0 ring mail.
  3513 | D:3      | 3513 ||| DROPPING +0 leather armour.
  3518 | D:4      | 3518 ||| STAIRDANCE
  3568 | D:4      | Found an iron altar of Okawaru.
  3569 | D:4      | 3569 ||| PLANNING OKAWARU WORSHIP
  3575 | D:4      | Became a worshipper of Warmaster Okawaru
  3576 | D:4      | 3576 ||| PLANNING D:1-11
  3744 | D:4      | Found a sparkling altar of Nemelex Xobeh.
  3756 | D:4      | Reached skill level 1 in Armour
  3892 | D:4      | Found a staircase to the Ecumenical Temple.
  3940 | D:5      | Entered Level 5 of the Dungeon
  3950 | D:5      | Found an opulent altar of Gozag.
  4078 | D:5      | Reached skill level 7 in Ranged Weapons
  4158 | D:5      | Found a hazy altar of Hepliaklqana.
  4161 | D:5      | Found a hide-covered altar of Uskayaw.
  4166 | D:5      | Found a basalt altar of Yredelemnul.
  4274 | D:5      | HP: 7/52 [white imp/puff of frost (7)]
  4275 | D:5      | Slain by a centaur

Levels and vault maps discovered:
D:1:      dpeg_arrival_water_temple_mockup, layout_basic,
          hellmonk_ecumenical_altar_inner_sanctum, serial_shops, shop, shop,
          nicolae_shop_overgrown_old_shop, shop
D:2:      layout_basic, uniq_crazy_yiuf_cottage, uniq_natasha
D:3:      layout_basic, roderic_lattice_a
D:4:      layout_basic, mainiacjoe_overflow_cross_hatched,
          overflow_temple_1_default, okawaru_metal_pillars_3,
          minmay_temple_entry_enclosed_plants
D:5:      layout_basic, mainiacjoe_overflow_small_starburst,
          grunt_gozag_breadcrumbs, grunt_temple_overflow_diamond,
          gammafunk_ghost_hive

Skill      XL: |  1  2  3  4  5  6 |
---------------+-------------------+-----
Ranged Weapons | 3 4 5 6 7 |  7.2
Fighting       | 2 3 4 |  4.3
Armour         | 1 |  1.0
Dodging        | |  2.1
Spellcasting   | |  1.0
Hexes          | |  2.0

Action                     |  1- 3 |  4- 6 || total
---------------------------+-------+-------++-------
   Fire: Sling             |    85 |   170 ||   255
    Use: Scroll            |     2 |     8 ||    10
         Potion            |       |     5 ||     5
 Armour: Robe              |       |     2 ||     2
         Ring mail         |       |    35 ||    35
  Dodge: Dodged            |    12 |    70 ||    82

Table legend:
 A = Non-vault XP
 B = Vault XP
 C = Vault XP percentage of total XP
 D = Non-vault monster count
 E = Vault monster count
 F = Vault count percentage of total count
                 A         B        C        D         E       F
            +---------+---------+-------+---------+---------+-------
      Total |     677 |      35 |   4.9 |      81 |       1 |   1.2
            +---------+---------+-------+---------+---------+-------
        D:1 |      45 |       0 |   0.0 |      26 |       0 |   0.0
        D:2 |     117 |      35 |  23.0 |      23 |       1 |   4.2
        D:3 |     273 |       0 |   0.0 |      14 |       0 |   0.0
        D:4 |      83 |       0 |   0.0 |      10 |       0 |   0.0
        D:5 |     159 |       0 |   0.0 |       8 |       0 |   0.0
            +---------+---------+-------+---------+---------+-------
